 Dungeon Crawl Stone Soup version 0.30-a0-918-g0ff054e9dc (webtiles) character file.

Game seed: 6940516089597422058

75 Darius099 the Sneak (level 4, -1/30 HPs)
             Began as an Octopode Brigand on Mar 20, 2023.
             Slain by a goblin
             ... wielding a +0 dagger
             ... led by Robin
              (4 damage)
             ... on level 3 of the Dungeon.
             The game lasted 00:05:07 (1718 turns).

Darius099 the Sneak (Octopode Brigand)              Turns: 1718, Time: 00:05:07

Health: -1/30      AC:  1    Str: 10    XL:     4   Next: 31%
Magic:  4/4        EV: 13    Int: 13    God:
Gold:   201        SH:  0    Dex: 21    Spells: 3/3 levels left

rFire   . . .      SeeInvis .    m - +2 short sword (speed)
rCold   . . .      Faith    .    (no shield)
rNeg    . . .      Spirit   .    (helmet restricted)
rPois   .          Reflect  .    (no amulet)
rElec   .          Rampage  .    q - +6 ring of dexterity
rCorr   .                        (no ring)
Will    .....                    (no ring)
Stlth   +++++                    (no ring)
HPRegen 0.25/turn                (no ring)
MPRegen 0.09/turn                (no ring)
                                 (no ring)
                                 (no ring)

@: no status effects
A: almost no armour, amphibious, 8 rings, camouflage 1, gelatinous body 1,
(nimble swimmer 1), tentacles
a: no special abilities


You were on level 3 of the Dungeon.
You visited 1 branch of the dungeon, and saw 3 of its levels.

You collected 201 gold pieces.

Inventory:

Hand Weapons
 a - a +2 dagger
 m - a +2 short sword of speed (weapon)
Missiles
 b - 14 poisoned darts (quivered)
 c - 3 curare-tipped darts
Jewellery
 q - a +6 ring of dexterity (left tentacle)
Scrolls
 d - a scroll of fear
 g - a scroll of butterflies {unknown}
 h - a scroll of immolation
 k - a scroll of teleportation
Potions
 e - 2 potions of flight
 f - a potion of attraction {unknown}
 i - a potion of mutation
 l - a potion of curing {unknown}
 o - a potion of invisibility {unknown}
 r - a potion of heal wounds {unknown}


   Skills:
 + Level 2.7 Fighting
 + Level 2.8 Short Blades
 + Level 2.7 Throwing
 - Level 1.0 Dodging
 + Level 6.0 Stealth


You had 3 spell levels left.
You didn't know any spells.
Your spell library contained the following spells:

 Spells                   Type           Power      Damage    Failure   Level
 Cigotuvi's Dreadful Rot  Necr/Pois/Air  0%         N/A       43%         2
 Poisonous Vapours        Pois/Air       0%         N/A       43%         2
 Mephitic Cloud           Conj/Pois/Air  0%         N/A       67%         3


Dungeon Overview and Level Annotations

Branches:
Dungeon (3/15)

Altars:
Nemelex Xobeh

Shops:
D:2 !

Annotations:
D:3 Robin


Innate Abilities, Weirdness & Mutations

You cannot wear most types of armour.
You are amphibious.
You can wear up to eight rings at the same time.
Your skin changes colour to match your surroundings (Stealth+).
Your rubbery body absorbs attacks. (AC +1, EV +1)
((You are camouflaged when in or above water. (Stealth+)))
You have tentacles for arms and can constrict up to eight enemies at once.


Message History

The goblin shoots a sling bullet.
The sling bullet hits you.
You hear a shout!
You hit the goblin.
You kill the goblin!
A goblin comes into view. It is wielding a +0 club.
The goblin unwields a +0 sling.
The goblin wields a +0 dagger.
The goblin hits you but does no damage.
Items here: ))))) †††.
You hit the orc but do no damage. Your grab misses the orc.
The orc closely misses you.
You barely miss Robin. Your grab misses Robin.
The goblin completely misses you.
You hit Robin. You grab Robin.
Robin is moderately wounded.
You constrict Robin, but do no damage. The orc closely misses you.
Robin roars a battlecry!
The goblins go into a battle-frenzy!
You hit Robin but do no damage. You tentacle-slap Robin.
Robin is moderately wounded.
You constrict Robin. The goblin hits you with a +0 dagger.
You hit Robin. You squeeze Robin, but do no damage.
Robin is heavily wounded.
You constrict Robin.
An orc comes into view. It is wielding a +0 short sword.
The orc hits you with a +0 club. Robin closely misses you.
The goblin hits you with a +0 dagger.
* * * LOW HITPOINT WARNING * * *
You hit Robin.
Robin is severely wounded.
You constrict Robin, but do no damage. The orc hits you with a +0 club.
* * * LOW HITPOINT WARNING * * *
Robin throws the goblin at you!
* * * LOW HITPOINT WARNING * * *
You hit Robin.
Robin is almost dead.
You constrict Robin, but do no damage. The goblin closely misses you.
You hit Robin but do no damage.
Robin is almost dead.
You constrict Robin, but do no damage. The goblin hits you with a +0 dagger.
You die...

# ## #.......#
. #..#....# ..
.#!#....# ###
##.....#
#......#
#..####.# ....
#.# ### #g#
#@#
......gog.gg.#
....###o######
.. ... ###


You could see Robin, 2 orcs and 4 goblins.

Vanquished Creatures
  4 worms
  2 dart slugs (D:2)
  6 endoplasms
  2 giant cockroaches (D:1)
  8 goblins
  4 hobgoblins (D:1)
  3 jackals (D:2)
  3 quokkas
  4 ball pythons
  8 bats
  5 frilled lizards
  5 kobolds
  4 rats
58 creatures vanquished.

Notes
Turn   | Place    | Note
-------+----------+-------------------------------------------
     0 | D:1      | Darius099 the Octopode Brigand began the quest for the Orb.
     0 | D:1      | Reached XP level 1. HP: 14/14 MP: 1/1
   178 | D:1      | Reached XP level 2. HP: 19/19 MP: 2/2
   473 | D:1      | Reached XP level 3. HP: 23/25 MP: 3/3
   658 | D:2      | Found Leakhloedd's Distillery.
  1274 | D:2      | Reached XP level 4. HP: 22/30 MP: 4/4
  1624 | D:3      | Found a sparkling altar of Nemelex Xobeh.
  1631 | D:3      | Reached skill level 6 in Stealth
  1703 | D:3      | Noticed Robin
  1718 | D:3      | Slain by a goblin

Illustrated notes

Levels and vault maps discovered:
D:1:      elethiomel_arrival_shortcut, layout_loops_ring
D:2:      layout_basic, serial_shops, nicolae_shop_advertising_works
          [nicolae_subvault_shop_adworks]
D:3:      layout_loops_ring, old_standard_altar, mainiacjoe_overflow_brackets,
          uniq_crazy_yiuf_cottage, uniq_robin

Skill      XL: |  1  2  3  4 |
---------------+-------------+-----
Stealth        | 6 |  6.0
Fighting       | |  2.7
Short Blades   | |  2.8
Throwing       | |  2.7
Dodging        | |  1.0

Action                     |  1- 3 |  4- 6 || total
---------------------------+-------+-------++-------
  Melee: Dagger            |    81 |     7 ||    88
         Tentacles         |    14 |     3 ||    17
         Constrict         |    17 |     3 ||    20
         Short sword       |       |    16 ||    16
         Punch             |       |     2 ||     2
    Use: Scroll            |       |     8 ||     8
   Stab: Sleeping          |    17 |     6 ||    23
 Armour: Skin              |     7 |     2 ||     9
  Dodge: Dodged            |    46 |    10 ||    56

Table legend: (Time is in decaauts)
 A = Elapsed time spent in this place.
 B = Non-inter-level travel time spent in this place.
 C = Inter-level travel time spent in this place.
 D = Time resting spent in this place.
 E = Time spent auto-exploring this place.
 F = Levels seen in this place.
 G = Mean time per level.
                   A        B        C        D        E       F      G
               +--------+--------+--------+--------+--------+-----+--------+
         Total |   1699 |   1656 |     43 |    103 |   1118 |   3 |  566.3 |
       Dungeon |   1699 |   1656 |     43 |    103 |   1118 |   3 |  566.3 |
               +--------+--------+--------+--------+--------+-----+--------+

Top non-repeatable levels by time:
     D:2: 958 daAuts
     D:1: 636 daAuts
     D:3: 104 daAuts
